 Dungeon Crawl Stone Soup version 0.21-a0-440-g28109cb (webtiles) character file.

353 kiturien the Slasher (level 6, -1/53 HPs)
             Began as a Minotaur Fighter on Nov 10, 2017.
             Slain by Megalobster's ghost (10 damage)
             ... on level 4 of the Dungeon.
             The game lasted 00:05:23 (2414 turns).

kiturien the Slasher (Minotaur Fighter)             Turns: 2414, Time: 00:05:23

Health: -1/53      AC:  8    Str: 23    XL:     6   Next: 35%
Magic:  5/5        EV:  8    Int:  5    God:
Gold:   211        SH: 11    Dex:  9    Spells: 5/5 levels left

rFire    . . .     SeeInvis .   a - +0 long sword
rCold    . . .     Gourm    .   c - +1 shield
rNeg     . . .     Faith    .   b - +0 scale mail
rPois    .         Spirit   .   (helmet restricted)
rElec    .         Reflect  .   q - +0 cloak
rCorr    .         Harm     .   (no gloves)
MR       .....                  (no boots)
Stlth    ..........             (no amulet)
HPRegen  0.17/turn              (no ring)
MPRegen  0.09/turn              (no ring)

@: no status effects
A: retaliatory headbutt, horns 2
a: no special abilities


You were on level 4 of the Dungeon.
You were not hungry.

You visited 1 branch of the dungeon, and saw 4 of its levels.

You collected 211 gold pieces.

Inventory:

Hand Weapons
 a - a +0 long sword (weapon)
Missiles
 r - a throwing net (quivered)
Armour
 b - a +0 scale mail (worn)
 c - a +1 shield (worn)
 q - a +0 cloak (worn)
Wands
 p - a wand of random effects (29/48)
Scrolls
 g - 2 scrolls of identify
 k - 2 scrolls of teleportation
 l - a scroll of fear
 o - 2 scrolls of blinking
 s - a scroll of enchant weapon {unknown}
Potions
 d - a potion of might
 e - a potion of curing {unknown}
 j - a potion of flight {unknown}
Comestibles
 f - 2 bread rations
 h - 2 royal jellies
 i - 7 fruits
 n - a meat ration


   Skills:
 * Level 4.5 Fighting
 * Level 5.2 Long Blades
 * Level 4.9 Armour
 * Level 1.9 Dodging
 * Level 5.1 Shields


You had 5 spell levels left.
You didn't know any spells.

Dungeon Overview and Level Annotations

Branches:
Dungeon (4/15)
 Temple: D:4-7

Altars:
Cheibriados
Gozag
Hepliaklqana
Uskayaw
Yredelemnul

Annotations:
D:4 Megalobster's ghost, amateur TrMo


Innate Abilities, Weirdness & Mutations

You reflexively headbutt those who attack you in melee.
You have a pair of horns on your head.


Message History

You hit Megalobster's ghost.
Megalobster's ghost is heavily damaged.
Megalobster's ghost hits you but does no damage.
You hit Megalobster's ghost but do no damage.
You headbutt Megalobster's ghost.
Megalobster's ghost is heavily damaged.
Megalobster's ghost hits you! x2
* * * LOW HITPOINT WARNING * * *
You closely miss Megalobster's ghost.
You headbutt Megalobster's ghost, but do no damage.
Megalobster's ghost is heavily damaged.
Megalobster's ghost hits you.
* * * LOW HITPOINT WARNING * * *
You closely miss Megalobster's ghost.
Megalobster's ghost is heavily damaged.
You block Megalobster's ghost's attack.
You hit Megalobster's ghost.
Megalobster's ghost is heavily damaged.
Megalobster's ghost hits you!
You die...

#.........#.#
#........#.#
#........#'####..
##...............
#.####..........
####..##...........
...................
.........W†........
.........@.........
..................
..................
.###..††.........#
#.............#
#...###+###...#
#....##.###...#
#....#......##
####........#


You could see Megalobster's ghost.

Vanquished Creatures
  Sigmund (D:3)
  An orc priest (D:3)
  Crazy Yiuf (D:3)
  2 adders
  An ooze (D:2)
  An adder skeleton (D:4)
  5 worms
  3 dart slugs (D:1)
  3 leopard geckos
  5 orcs (D:3)
  3 giant cockroaches
  6 goblins
  10 hobgoblins
  9 jackals
  4 quokkas
  8 bats
  5 frilled lizards
  2 gnoll zombies (D:2)
  7 kobolds
  7 rats
84 creatures vanquished.

Notes
Turn   | Place    | Note
-------+----------+-------------------------------------------
     0 | D:1      | kiturien the Minotaur Fighter began the quest for the Orb.
     0 | D:1      | Reached XP level 1. HP: 19/19 MP: 0/0
    62 | D:1      | Reached XP level 2. HP: 24/27 MP: 1/1
   359 | D:1      | Reached XP level 3. HP: 33/33 MP: 2/2
   790 | D:2      | Found a hazy altar of Hepliaklqana.
   924 | D:2      | Found an opulent altar of Gozag.
   985 | D:2      | Found a hide-covered altar of Uskayaw.
  1086 | D:2      | Reached XP level 4. HP: 24/40 MP: 3/3
  1193 | D:2      | Found a basalt altar of Yredelemnul.
  1370 | D:3      | Reached skill level 1 in Dodging
  1393 | D:3      | HP: 2/40 [orc/trident (2)]
  1821 | D:3      | Found a runed door.
  1864 | D:3      | Found a snail-covered altar of Cheibriados.
  1888 | D:3      | Reached XP level 5. HP: 43/46 MP: 4/4
  1922 | D:3      | Noticed Sigmund
  1934 | D:3      | Killed Sigmund
  1934 | D:3      | Reached skill level 5 in Long Blades
  1934 | D:3      | Reached skill level 5 in Shields
  1934 | D:3      | Reached XP level 6. HP: 33/53 MP: 5/5
  2129 | D:3      | Noticed Crazy Yiuf
  2132 | D:3      | Killed Crazy Yiuf
  2398 | D:4      | Noticed Megalobster's ghost (amateur TrMo)
  2414 | D:4      | Slain by Megalobster's ghost

Vault maps used:
D:1:      erik_arrival_triangle_small
D:2:      lemuel_crystal_altar, eat_drink_and_be_merry_uskayaw,
          lemuel_zombie_altar_yredelemnul, grunt_gozag_breadcrumbs
D:3:      cheibriados_altar_1, first_bread, uniq_sigmund,
          uniq_crazy_yiuf_cottage
D:4:      minmay_temple_entry_fiery

Skill      XL: |  1  2  3  4  5 |
---------------+----------------+-----
Shields        | 4 5 |  5.1
Fighting       | 4 |  4.5
Armour         | 4 |  4.9
Long Blades    | 3 4 5 |  5.2
Dodging        | 1 |  1.9

Action                   |  1- 3 |  4- 6 || total
-------------------------+-------+-------++-------
Melee: Long sword        |   102 |    88 ||   190
       Headbutt          |    15 |    17 ||    32
  Use: Scroll            |       |     7 ||     7
       Potion            |       |     2 ||     2
  Eat: Chunk             |       |     4 ||     4
       Fruit             |       |     1 ||     1
Armor: Scale mail        |    47 |    45 ||    92
Dodge: Dodged            |    21 |    37 ||    58
Block: Shield            |    57 |    49 ||   106
       Rpst.: Long sword |     3 |     7 ||    10

Table legend:
 A = Spawn XP
 B = Non-spawn XP
 C = Spawn XP percentage of total XP
 D = Spawn monster count
 E = Non-spawn monster count
 F = Spawn count percentage of total count
 G = Total turns spent on level
                    A         B        C        D         E        F      G
               +---------+---------+-------+---------+---------+-------+---------
         Total |       0 |     505 |   0.0 |       0 |      84 |   0.0 |  2414
               +---------+---------+-------+---------+---------+-------+---------
           D:1 |       0 |      57 |   0.0 |       0 |      31 |   0.0 |   685
           D:2 |       0 |      51 |   0.0 |       0 |      14 |   0.0 |   628
           D:3 |       0 |     371 |   0.0 |       0 |      33 |   0.0 |   885
           D:4 |       0 |      26 |   0.0 |       0 |       6 |   0.0 |   216
               +---------+---------+-------+---------+---------+-------+---------
